 Dungeon Crawl Stone Soup version 0.31-a0-1074-g0b22e4e0f1 (webtiles) character file.

Game seed: 4339338368801548529

89 Curundu the Grave Robber (level 4, 0/30 HPs)
             Began as a Mummy Necromancer on Nov 29, 2023.
             Slain by a black bear (10 damage)
             ... on level 4 of the Dungeon.
             The game lasted 00:20:03 (2616 turns).

Curundu the Grave Robber (Mummy Necromancer)        Turns: 2616, Time: 00:20:04

Health: 0/30       AC:  2    Str: 11    XL:     4   Next: 31%
Magic:  0/9        EV: 12    Int: 16    God:
Gold:   111        SH:  0    Dex: 12    Spells: 9/10 levels left

rFire   x . .        e - +1 dagger
rCold   + . .        (no shield)
rNeg    + + +        a - +0 robe
rPois   ∞            (no helmet)
rElec   .            (no cloak)
rCorr   .            (no gloves)
SInv    .            (no boots)
Will    .....        g - amulet of guardian spirit
Stlth   ++           (no ring)
HPRegen 0.25/turn    (no ring)
MPRegen 0.11/turn

%: guardian spirit, faith
@: no status effects
A: cold resistance 1, negative energy resistance 3, torment resistance 2, heat
vulnerability 1, in touch with death 1, no potions, faith
a: no special abilities


You were on level 4 of the Dungeon.
You visited 1 branch of the dungeon, and saw 4 of its levels.

You collected 111 gold pieces.

Inventory:

Hand Weapons
 e - a +1 dagger (weapon)
Missiles
 c - 8 poisoned darts
Armour
 a - a +0 robe (worn)
 n - the +1 pair of boots of the Trombone {Fly rN+ Int+3}
   (You found it on level 3 of the Dungeon)

   Int+3:     It affects your intelligence (+3).
   rN+:       It protects you from negative energy.
   Fly:       It grants you flight.
Magical Staves
 o - a staff of cold
Jewellery
 g - an amulet of guardian spirit (around neck)
Scrolls
 d - 3 scrolls of fear {unknown}
 f - 2 scrolls of immolation
 h - a scroll of fog {unknown}
 i - 2 scrolls of poison {unknown}
 j - 2 scrolls of blinking
 k - a scroll of vulnerability {unknown}
 l - 2 scrolls of enchant weapon
 m - 2 scrolls of teleportation


   Skills:
 + Level 0.2 Fighting
 + Level 0.6 Short Blades
 + Level 1.7 Dodging
 + Level 1.8 Stealth
 + Level 0.3 Unarmed Combat
 + Level 3.7 Spellcasting
 + Level 4.9 Necromancy


You had 9 spell levels left.
You knew the following spells:

 Your Spells              Type           Power      Damage    Failure   Level
a - Necrotise             Necr           100%       1d9       2%          1

Your spell library contained the following spells:

 Spells                   Type           Power      Damage    Failure   Level
 Vampiric Draining        Necr           28%        2d8       7%          3
 Animate Dead             Necr           28%        N/A       22%         4
 Agony                    Necr           28%        N/A       54%         5


Dungeon Overview and Level Annotations

Branches:
Dungeon (4/15)
 Temple: D:4-7

Altars:

Portals:
Abyss: D:3

Annotations:
D:3 2 transporters, ranchalot's ghost, weakling OpSh


Innate Abilities, Weirdness & Mutations

You are immune to poison.
Your flesh is cold resistant. (rC+)
You are immune to negative energy. (rN+++)
You are immune to unholy pain and torment.
You are vulnerable to heat. (rF-)
You are in touch with the powers of death.
You do not drink.
You have a special connection with the divine. (Faith)


Message History

Aim: a black bear (heavily wounded, chance to affect: 83%)
You feel a surge of power!
The black bear writhes in agony.
The black bear bites you! The black bear claws you. x2
Casting: Necrotise (safe; 2% risk of failure)
Confirm with . or Enter, or press ? or * to list all spells.
Aiming: Necrotise (safe; 2% risk of failure)
Press: ? - help, Shift-Dir - straight line, f/p - black bear
Aim: a black bear (heavily wounded, chance to affect: 83%)
You feel a surge of power!
The black bear barely resists.
The black bear barely misses you. x3
Casting: Necrotise (safe; 2% risk of failure)
Confirm with . or Enter, or press ? or * to list all spells.
Aiming: Necrotise (safe; 2% risk of failure)
Press: ? - help, Shift-Dir - straight line, f/p - black bear
Aim: a black bear (heavily wounded, chance to affect: 83%)
You feel a surge of power!
The black bear writhes in agony.
The black bear bites you. The black bear barely misses you. x2
Casting: Necrotise (safe; 2% risk of failure)
Confirm with . or Enter, or press ? or * to list all spells.
Aiming: Necrotise (safe; 2% risk of failure)
Press: ? - help, Shift-Dir - straight line, f/p - black bear
Aim: a black bear (severely wounded, chance to affect: 83%)
You feel a surge of power!
The black bear writhes in agony.
The black bear bites you. The black bear claws you. x2
You hit the black bear but do no damage.
The black bear is severely wounded.
The black bear bites you but does no damage.
The black bear claws you. x2
You hit the black bear.
The black bear is severely wounded.
The black bear goes berserk!
You hit the black bear but do no damage.
The black bear is severely wounded.
The black bear barely misses you. The black bear closely misses you.
The black bear claws you.
* * * LOW HITPOINT WARNING * * *
You hit the black bear but do no damage.
The black bear is severely wounded.
The black bear bites you!
You die...

# ##### ..
....###
##.#.....#
#.#......#
.#.......#####.
#.....h!.......
#.....@.......
...............
...#...#.######
# ##.# .# .. .#
### ##


You could see a black bear (berserk).

Vanquished Creatures
  4 adders
  A worm (D:2)
  A dart slug (D:3)
  2 orcs (D:3)
  6 bats
  5 endoplasms
  2 giant cockroaches
  2 goblins (D:3)
  6 hobgoblins
  3 quokkas
  A ball python (D:1)
  4 frilled lizards
  5 kobolds
  3 rats
45 creatures vanquished.

Vanquished Creatures (collateral kills)
  A frilled lizard (D:3)
1 creature vanquished.

Grand Total: 46 creatures vanquished

Notes
Turn   | Place    | Note
-------+----------+-------------------------------------------
     0 | D:1      | Curundu the Mummy Necromancer began the quest for the Orb.
     0 | D:1      | Reached XP level 1. HP: 13/13 MP: 4/4
   310 | D:1      | Reached XP level 2. HP: 19/19 MP: 3/5
   383 | D:1      | Found a faded altar of an unknown god.
  1315 | D:2      | Reached XP level 3. HP: 24/24 MP: 2/7
  1991 | D:3      | Noticed a kobold brigand
  1991 | D:3      | Noticed ranchalot's ghost (weakling OpSh)
  2002 | D:3      | Found a one-way gate to the infinite horrors of the Abyss.
  2010 | D:3      | Found a transporter.
  2026 | D:3      | Reached XP level 4. HP: 23/30 MP: 4/9
  2086 | D:3      | Found a transporter.
  2173 | D:3      | Identified the +1 pair of boots of the Trombone {Fly rN+
                  | Int+3}
  2606 | D:4      | Noticed a black bear
  2616 | D:4      | Slain by a black bear

Illustrated notes

Levels and vault maps discovered:
D:1:      dpeg_arrival_stone_temple_mockup, layout_rooms, basic_ecumenical_altar
D:2:      layout_loops_corners, hangedman_abyss_or_decor_stabs
D:3:      layout_rooms, gammafunk_ghost_abyssal_escape
D:4:      layout_loops_ring, nicolae_hepliaklqana_hippocampus,
          minmay_temple_entry_large_hall, cheibrodos_sewer_entry_bend,
          uniq_sigmund, uniq_menkaure

Skill      XL: |  1  2 |
---------------+-------+-----
Spellcasting   | 3 |  3.7
Fighting       | |  0.2
Short Blades   | |  0.6
Dodging        | |  1.7
Stealth        | |  1.8
Unarmed Combat | |  0.3
Necromancy     | |  4.9

Action                     |  1- 3 |  4- 6 || total
---------------------------+-------+-------++-------
  Melee: Unarmed           |    27 |       ||    27
         Dagger            |    53 |    21 ||    74
         Punch             |       |     1 ||     1
   Cast: Necrotise         |    42 |    21 ||    63
    Use: Scroll            |     1 |     2 ||     3
   Stab: Sleeping          |     1 |     1 ||     2
 Armour: Robe              |    50 |    23 ||    73
  Dodge: Dodged            |    47 |    25 ||    72

Table legend: (Time is in decaauts)
 A = Elapsed time spent in this place.
 B = Non-inter-level travel time spent in this place.
 C = Inter-level travel time spent in this place.
 D = Time resting spent in this place.
 E = Time spent auto-exploring this place.
 F = Levels seen in this place.
 G = Mean time per level.
                   A        B        C        D        E       F      G
               +--------+--------+--------+--------+--------+-----+--------+
         Total |   2613 |   2613 |      0 |    412 |      0 |   4 |  653.2 |
       Dungeon |   2613 |   2613 |      0 |    412 |      0 |   4 |  653.2 |
               +--------+--------+--------+--------+--------+-----+--------+

Top non-repeatable levels by time:
     D:2: 1290 daAuts
     D:3: 722 daAuts
     D:1: 590 daAuts
     D:4: 9 daAuts
